 Dungeon Crawl Stone Soup version 0.31-a0-986-g5e6e4ef867 (webtiles) character file.

Game seed: 14724030533408232027

213 p00ps00p the Trooper (level 5, 0/47 HPs)
             Began as a Hill Orc Fighter on Nov 9, 2023.
             Killed by divine providence
             ... invoked by an orc priest
              (13 damage)
             ... on level 4 of the Dungeon.
             The game lasted 00:05:34 (3288 turns).

p00ps00p the Trooper (Hill Orc Fighter)             Turns: 3288, Time: 00:05:36

Health: 0/47       AC: 10    Str: 20    XL:     5   Next: 90%
Magic:  5/5        EV:  7    Int: 12    God:
Gold:   173        SH:  4    Dex:  9    Spells: 4/4 levels left

rFire   . . .        a - +0 war axe
rCold   . . .        c - +0 buckler
rNeg    . . .        f - +0 chain mail
rPois   .            (no helmet)
rElec   .            e - +0 cloak
rCorr   .            (no gloves)
SInv    .            (no boots)
Will    .....        (no amulet) Stlth
                     (no ring)
HPRegen 0.27/turn    (no ring)
MPRegen 0.09/turn

%: no passive effects
@: no status effects
A: clever 1, noise suppression
a: Convert to Beogh


You were on level 4 of the Dungeon.
You visited 1 branch of the dungeon, and saw 4 of its levels.

You collected 229 gold pieces.
You spent 56 gold pieces at shops.

Inventory:

Hand Weapons
 a - a +0 war axe (weapon)
Armour
 c - a +0 buckler (worn)
 e - a +0 cloak (worn)
 f - a +0 chain mail (worn)
Jewellery
 h - an amulet of faith
 m - a ring of fire
Scrolls
 d - a scroll of amnesia
 k - a scroll of vulnerability
 n - a scroll of immolation {unknown}
 o - a scroll of teleportation
Potions
 b - 2 potions of mutation
 g - a potion of degeneration
 i - a potion of curing
 j - a potion of magic
 l - a potion of heal wounds


   Skills:
 + Level 4.9 Fighting
 + Level 4.5 Axes
 + Level 4.4 Armour
 + Level 4.5 Shields


You had 4 spell levels left.
You didn't know any spells.
Your spell library contained the following spells:

 Spells                   Type           Power      Damage    Failure   Level
 Summon Small Mammal      Summ           0%         N/A       96%         1
 Blink                    Tloc           0%         N/A       99%         2
 Lesser Beckoning         Tloc           0%         N/A       99%         2
 Momentum Strike          Conj/Tloc      0%         3d8       99%         2
 Call Canine Familiar     Summ           0%         N/A       100%        3
 Inner Flame              Hex/Fire       0%         N/A       100%        3
 Summon Guardian Golem    Hex/Summ       0%         N/A       100%        3
 Manifold Assault         Tloc           0%         N/A       100%        4
 Yara's Violent Unravell  Hex/Tmut       0%         3d3       100%        5
 Enfeeble                 Hex            0%         N/A       100%        7


Dungeon Overview and Level Annotations

Branches:
Dungeon (4/15)
 Temple: D:4-7

Altars:
Ashenzari
Fedhas
Kikubaaqudgha
Okawaru
Xom

Shops:
D:3 ?!?*

Annotations:
D:3 1 runed translucent door, dragonking145's ghost, amateur FoFi


Innate Abilities, Weirdness & Mutations

Your mind is acute. (Int +4, Str/Dex -1)
You passively dampen the noise of your surroundings.


Message History

The orc priest hits you with a +0 dagger.
The orc priest begins to cast a cantrip, but forgets the words!
The orc priest hits you with a +0 mace.
You are too injured to fight recklessly!
Unknown command.
You are too injured to fight recklessly!
Unknown command.
You are too injured to fight recklessly!
Unknown command.
You are too injured to fight recklessly!
Unknown command.
You are too injured to fight recklessly!
Unknown command.
Blink to where?
Press: ? - help, Q - select action, (/) - cycle Dir - move target
As you read the scroll of blinking, it crumbles to dust.
It was a potion of mutation.
You feel extremely strange.
You feel your surroundings grow quieter.
You feel clever.
Okay, then.
It was a potion of curing.
You feel better.
It was a potion of magic.
Magic courses through your body.
The orc priest calls down the wrath of Beogh upon you.
Beogh smites you!
* * * LOW HITPOINT WARNING * * *
It was a potion of heal wounds.
You feel much better.
The orc priest calls down the wrath of Beogh upon you.
Pain shoots through your body!
You slash the orc priest!
The orc priest is severely wounded.
The orc priest calls down the wrath of Beogh upon you.
Beogh smites you!
* * * LOW HITPOINT WARNING * * *
You closely miss the orc priest.
The orc priest is severely wounded.
You hit the orc priest.
The orc priest looks satisfied for a moment.
The orc priest invokes the aid of Beogh against you.
Beogh smites you!
You die...

#.........#.## #.........+...
#.........###. #.........# ##
#################........## #
.......................#.# #
.........................#
............o.......##########
............o@......# #....
##.####)##.###.#..#.# #.###
...##.#........# #.#
###.##.#####..### #.# #.##.#
.... #.#
####.###############.#
#.................#
#################.# #.#


You could see 2 orc priests.

Vanquished Creatures
  Jessica (D:2)
  3 orc wizards (D:3)
  2 adders (D:3)
  2 worms
  2 dart slugs
  10 orcs
  4 bats
  12 endoplasms
  4 giant cockroaches
  5 goblins
  3 hobgoblins
  6 quokkas
  4 ball pythons
  5 frilled lizards
  8 kobolds
  2 rats
73 creatures vanquished.

Notes
Turn   | Place    | Note
-------+----------+-------------------------------------------
     0 | D:1      | p00ps00p the Hill Orc Fighter began the quest for the Orb.
     0 | D:1      | Reached XP level 1. HP: 19/19 MP: 1/1
   162 | D:1      | Reached XP level 2. HP: 20/27 MP: 2/2
   282 | D:1      | Found a faded altar of an unknown god.
   943 | D:2      | Noticed Jessica
   947 | D:2      | Killed Jessica
   948 | D:2      | Reached XP level 3. HP: 33/33 MP: 3/3
  1172 | D:2      | Reached XP level 4. HP: 38/40 MP: 4/4
  1628 | D:3      | Found Nashrueh's Magic Scroll Boutique.
  1696 | D:3      | Reached XP level 5. HP: 47/47 MP: 5/5
  1941 | D:3      | Found Bufi's Assorted Antiques.
  1979 | D:3      | Bought a scroll labelled YWY HIOSIORRE for 28 gold pieces
  1979 | D:3      | Bought a scroll labelled LOYM AHUELEO for 28 gold pieces
  1995 | D:3      | Noticed dragonking145's ghost (amateur FoFi)
  2008 | D:3      | Found a runed translucent door.
  2142 | D:3      | Found Ahus's Distillery.
  2223 | D:3      | Found Naikh's Magic Scroll Emporium.
  2714 | D:3      | Found a blossoming altar of Fedhas.
  2716 | D:3      | Found an ancient bone altar of Kikubaaqudgha.
  2722 | D:3      | Found a broken altar of Ashenzari.
  2725 | D:3      | Found a shimmering altar of Xom.
  2732 | D:3      | Found an iron altar of Okawaru.
  3282 | D:4      | Gained mutation: You passively dampen the noise of your
                  | surroundings. [potion of mutation]
  3282 | D:4      | Gained mutation: Your mind is acute. (Int +4, Str/Dex -1)
                  | [potion of mutation]
  3288 | D:4      | Killed from afar by an orc priest

Illustrated notes

Levels and vault maps discovered:
D:1:      minmay_arrival_four_circles, layout_basic,
          shapermc_ecumenical_altar_notcrosses
D:2:      layout_basic, uniq_jessica
D:3:      layout_basic, minmay_overflow_temple_star_hex, serial_shops, shop,
          nicolae_shop_tiny_glass, nicolae_shop_tiny_glass,
          nicolae_shop_tiny_real_fake_doors, hellmonk_ghost_happy_afterlife
D:4:      layout_basic, marbit_many_paths

Skill      XL: |  1  2  3  4 |
---------------+-------------+-----
Axes           | 3 4 |  4.5
Fighting       | 4 |  4.9
Shields        | 4 |  4.5
Armour         | 4 |  4.4

Action                     |  1- 3 |  4- 6 || total
---------------------------+-------+-------++-------
  Melee: War axe           |    74 |   121 ||   195
    Use: Scroll            |     2 |     6 ||     8
         Potion            |       |     5 ||     5
 Armour: Chain mail        |    52 |   105 ||   157
         Scale mail        |     3 |       ||     3
         Skin              |     2 |       ||     2
  Dodge: Dodged            |    30 |    51 ||    81
  Block: Buckler           |    14 |    36 ||    50

Table legend: (Time is in decaauts)
 A = Elapsed time spent in this place.
 B = Non-inter-level travel time spent in this place.
 C = Inter-level travel time spent in this place.
 D = Time resting spent in this place.
 E = Time spent auto-exploring this place.
 F = Levels seen in this place.
 G = Mean time per level.
                   A        B        C        D        E       F      G
               +--------+--------+--------+--------+--------+-----+--------+
         Total |   3354 |   3303 |     51 |    170 |   2537 |   4 |  838.5 |
       Dungeon |   3354 |   3303 |     51 |    170 |   2537 |   4 |  838.5 |
               +--------+--------+--------+--------+--------+-----+--------+

Top non-repeatable levels by time:
     D:3: 1310 daAuts
     D:1: 937 daAuts
     D:2: 623 daAuts
     D:4: 483 daAuts
